 Dungeon Crawl Stone Soup version 0.27.1-3-gb3d3a73c9e (webtiles) character file.

Game seed: 9090285660052491353

1080 Descartes the Sneak (level 8, 0/36 HPs)
             Began as a Spriggan Fire Elementalist on Oct 17, 2021.
             Was an Initiate of Gozag.
             Splashed by Pikel's acid (14 damage)
             ... on level 5 of the Dungeon.
             The game lasted 00:09:35 (6959 turns).

Descartes the Sneak (Spriggan Fire Elementalist)    Turns: 6959, Time: 00:09:35

Health: 0/36       AC:  5    Str:  6    XL:     8   Next: 8%
Magic:  15/25      EV: 19    Int: 17    God:    Gozag
Gold:   567        SH:  0    Dex: 15    Spells: 8/17 levels left

rFire    . . .     SeeInvis +   z - +1 dagger (venom)
rCold    . . .     Faith    .   (shield restricted)
rNeg     . . .     Spirit   .   a - +0 robe
rPois    .         Reflect  .   (helmet restricted)
rElec    .         Harm     .   x - +2 cloak
rCorr    .         Rampage  .   (gloves unavailable)
Will     +....                  (boots unavailable)
Stlth    +++.......             (no amulet)
HPRegen  0.12/turn              j - +4 ring of protection
MPRegen  0.19/turn              s - ring of magical power

@: corroded, very slightly contaminated, very quick
A: very small, no large weapons, unfitting armour, see invisible, speed 3
a: Renounce Religion, Potion Petition, Call Merchant, Bribe Branch


You were on level 5 of the Dungeon.
You worshipped Gozag.
Gozag was pleased with you.
You visited 1 branch of the dungeon, and saw 5 of its levels.

You collected 598 gold pieces.
You paid 31 gold pieces to Gozag.

Inventory:

Hand Weapons
 v - a +0 rapier
 z - a +1 dagger of venom (weapon)
Missiles
 d - 183 stones
 g - 8 boomerangs
 i - 32 poisoned darts
 m - 52 arrows
 o - 17 sling bullets
 w - a throwing net
 y - a curare-tipped dart
Armour
 a - a +0 robe (worn)
 x - a +2 cloak (worn)
Magical Staves
 q - a staff of earth
Jewellery
 j - a +4 ring of protection (left hand)
 s - a ring of magical power (right hand)
Scrolls
 c - 3 scrolls of teleportation
 h - 4 scrolls of identify {unknown}
 l - 3 scrolls of vulnerability {unknown}
 n - 4 scrolls of enchant weapon {unknown}
 p - a scroll of holy word {unknown}
 r - a scroll of noise {unknown}
 u - a scroll of silence {unknown}
Potions
 b - a potion of flight {unknown}
 e - a potion of heal wounds {unknown}
 f - a potion of degeneration {unknown}
 k - 3 potions of mutation {unknown}
 t - a potion of brilliance {unknown}


   Skills:
 + Level 2.9 Short Blades
 + Level 5.8 Dodging
 + Level 6.8 Stealth
 - Level 5.0 Spellcasting
 + Level 2.9 Conjurations
 + Level 3.0 Translocations
 + Level 0.0 Transmutations
 + Level 4.1 Fire Magic
 + Level 0.0 Poison Magic


You had 8 spell levels left.
You knew the following spells:

 Your Spells              Type           Power      Damage    Failure   Level
a - Foxfire               Conj/Fire      64%        2x1d7     3%          1
b - Blink                 Tloc           N/A        N/A       6%          2
c - Ignite Poison         Fire/Tmut/Pois 8%         N/A       24%         3
d - Mephitic Cloud        Conj/Pois/Air  7%         N/A       28%         3

Your spell library contained the following spells:

 Spells                   Type           Power      Damage    Failure   Level
 Conjure Flame            Conj/Fire      16%        6-21      10%         3
 Lesser Beckoning         Tloc           7%         N/A       12%         3
 Summon Small Mammal      Summ           16%        N/A       14%         1
 Inner Flame              Hex/Fire       11%        N/A       19%         3
 Sticky Flame             Conj/Fire      16%        2d4       32%         4
 Call Canine Familiar     Summ           4%         N/A       38%         3
 Summon Guardian Golem    Hex/Summ       4%         N/A       38%         3
 Fireball                 Conj/Fire      8%         3d6       67%         5
 Manifold Assault         Tloc           14%        N/A       75%         5
 Bolt of Magma            Conj/Fire/Erth 6%         4d6       83%         5


Dungeon Overview and Level Annotations

Branches:
Dungeon (5/15)
 Temple: D:4-7

Altars:
Ashenzari
Gozag
Okawaru

Annotations:
D:5 Pikel


Innate Abilities, Weirdness & Mutations

You are very small and have problems with some larger weapons.
You are too small for most types of armour.
You have supernaturally acute eyesight. (SInv)
You cover ground extremely quickly. (Speed+++)


Message History

You conjure some foxfire!
The foxfire hits the lemure.
The lemure is severely wounded.
The foxfire hits the lemure.
The lemure is almost dead.
Casting: Foxfire (safe; 3% risk of failure)
Confirm with . or Enter, or press ? or * to list all spells.
You conjure some foxfire!
The foxfire hits the lemure.
You kill the lemure!
That felt strangely unrewarding.
Unknown command.
Unknown command.
Casting: Foxfire (safe; 3% risk of failure)
Confirm with . or Enter, or press ? or * to list all spells.
You miscast Foxfire.
You are very lightly contaminated with residual magic.
Nothing appears to happen.
Your foxfire dissipates!
Casting: Foxfire (safe; 3% risk of failure)
Confirm with . or Enter, or press ? or * to list all spells.
You conjure some foxfire!
The foxfire hits Pikel.
Pikel is lightly wounded.
The foxfire hits Pikel but does no damage.
Pikel is lightly wounded.
Unknown command.
Casting: Foxfire (safe; 3% risk of failure)
Confirm with . or Enter, or press ? or * to list all spells.
You conjure some foxfire!
The foxfire hits Pikel but does no damage.
Pikel is lightly wounded.
Unknown command.
Casting: Foxfire (safe; 3% risk of failure)
Confirm with . or Enter, or press ? or * to list all spells.
You conjure some foxfire!
The foxfire hits Pikel.
Pikel is moderately wounded.
Pikel zaps a wand.
The bolt of acid hits your foxfire!
Your foxfire is splashed with acid.
The bolt of acid hits you!!
Ouch! That really hurt!
The acid corrodes you!
You are splashed with acid!
You die...
Your body crumbles into a pile of gold.

##...>............ #....
#...#............ ##...
#..##.#..##...... #..).
#..####.....#.... ....##
######........#.. . #.
#.#........#..... ##
#.....[....#..... .##
#.......§§§...... ...
#......§v@§....# ...
#......v.§§...## #..
#.....§..§..#..# ...
##########..v..§...##..#
... .##....#
#..K.§........# ...
..K....###.#......###...
.## ..................##
## #
.§..#...............#
....#...............#


You could see Pikel (ally target).

Vanquished Creatures
  A necrophage (D:4)
  4 ogres
  A phantom (D:5)
  A lemure (D:5)
  A kobold brigand (D:5)
  2 bullfrogs
  2 scorpions
  A hound (D:5)
  2 iguanas (D:4)
  3 gnolls (D:4)
  5 adders
  An ufetubus (D:5)
  An adder skeleton (D:4)
  2 worms
  A dart slug (D:1)
  7 orcs
  5 ball pythons
  6 endoplasms
  5 giant cockroaches
  9 goblins
  3 hobgoblins
  14 jackals
  8 kobolds
  3 quokkas
  3 bats
  3 frilled lizards
  7 rats
101 creatures vanquished.

Vanquished Creatures (others)
  673 foxfires
673 creatures vanquished.

Grand Total: 774 creatures vanquished

Notes
Turn   | Place    | Note
-------+----------+-------------------------------------------
     0 | D:1      | Descartes the Spriggan Fire Elementalist began the quest
                  | for the Orb.
     0 | D:1      | Reached XP level 1. HP: 9/9 MP: 5/5
   584 | D:1      | Reached XP level 2. HP: 13/13 MP: 0/6
   799 | D:1      | Reached skill level 1 in Conjurations
  1375 | D:1      | Reached XP level 3. HP: 16/16 MP: 0/8
  2137 | D:2      | Noticed an ogre
  2142 | D:2      | Killed an ogre
  2143 | D:2      | Reached skill level 4 in Stealth
  2143 | D:2      | Reached XP level 4. HP: 21/21 MP: 4/10
  2205 | D:2      | Found a faded altar of an unknown god.
  2207 | D:2      | Noticed an ogre
  2213 | D:2      | Killed an ogre
  2214 | D:2      | Reached XP level 5. HP: 24/24 MP: 4/12
  2840 | D:2      | You fall into a shaft and drop 1 floor!
  2840 | D:3      | Found a broken altar of Ashenzari.
  3012 | D:3      | Found an opulent altar of Gozag.
  3021 | D:3      | Became a worshipper of Gozag Ym Sagoz the Greedy
  3624 | D:3      | Reached skill level 5 in Stealth
  4273 | D:2      | Reached XP level 6. HP: 28/28 MP: 11/13
  4726 | D:4      | Reached skill level 1 in Short Blades
  4940 | D:4      | Found an iron altar of Okawaru.
  5344 | D:4      | Reached XP level 7. HP: 32/32 MP: 14/14
  5412 | D:4      | Learned a level 2 spell: Blink
  5823 | D:4      | Reached skill level 5 in Dodging
  5884 | D:4      | Reached skill level 6 in Stealth
  5884 | D:4      | Reached skill level 1 in Translocations
  6240 | D:5      | Entered Level 5 of the Dungeon
  6247 | D:5      | Reached skill level 5 in Spellcasting
  6561 | D:5      | Reached XP level 8. HP: 29/36 MP: 15/16
  6910 | D:5      | Learned a level 3 spell: Ignite Poison
  6914 | D:5      | Learned a level 3 spell: Mephitic Cloud
  6924 | D:5      | Noticed Pikel
  6959 | D:5      | Splashed by Pikel's acid

Illustrated notes

Levels and vault maps discovered:
D:1:      mushboom_english_gardens, layout_basic
D:2:      layout_loops_corners, hellmonk_ecumenical_altar_arch_garden,
          minmay_statues_item, minmay_misc_feat_ornament, item_on_display_a
D:3:      layout_basic, mainiacjoe_overflow_24_doors,
          mainiacjoe_overflow_concentric_impassable
D:4:      cheibrodos_quashed, layout_layer_cave, kennysheep_okawaru_gauntlet
D:5:      layout_cave_pools, chequers_mini_garden, dk_vineyard_1, uniq_pikel

Skill      XL: |  1  2  3  4  5  6  7  8 |
---------------+-------------------------+-----
Dodging        | 3 4 5 |  5.8
Spellcasting   | 3 4 5 |  5.0
Conjurations   | 1 2 |  2.9
Stealth        | 4 5 6 |  6.8
Fire Magic     | 3 4 |  4.1
Short Blades   | 1 2 |  2.9
Translocations | 2 3 |  3.0

Action                   |  1- 3 |  4- 6 |  7- 9 || total
-------------------------+-------+-------+-------++-------
Melee: Dagger            |     2 |     1 |       ||     3
 Cast: Foxfire           |    99 |   188 |   111 ||   398
  Use: Scroll            |       |     1 |       ||     1
 Stab: Sleeping          |       |     1 |       ||     1
Armor: Robe              |     1 |     3 |     4 ||     8
Dodge: Dodged            |     6 |    23 |    15 ||    44
